 Dungeon Crawl Stone Soup version 0.30-a0-743-gbfdf073431 (webtiles) character file.

Game seed: 16428755722995070986

22229 DEFE the Grappler (level 12, -2/122 HPs)
             Began as a Demonspawn Wanderer on Feb 6, 2023.
             Was an Elder of Jiyva.
             Slain by a water elemental (6 damage)
             ... on level 12 of the Dungeon.
             The game lasted 00:17:15 (11438 turns).

DEFE the Grappler (Demonspawn Wanderer)            Turns: 11438, Time: 00:17:15

Health: -2/122     AC:  4    Str: 15    XL:     12   Next: 61%
Magic:  13/13      EV: 15    Int: 15    God:    Jiyva [****..]
Gold:   541        SH:  0    Dex: 14    Spells: 13/13 levels left

rFire   + + .      SeeInvis .      - Unarmed
rCold   + . .      Faith    .    (no shield)
rNeg    . . .      Spirit   .    M - +0 troll leather armour
rPois   .          Reflect  .    N - +0 hat of the Old and Reckless {rF+}
rElec   .          Harm     .    (no cloak)
rCorr   +          Rampage  .    (no gloves)
Will    .....                    (no boots) Stlth
                                 g - amulet of regeneration
HPRegen 3.28/turn                u - ring of protection from fire
MPRegen 0.66/turn                I - ring of protection from cold

@: silenced, engulfed (cannot breathe)
A: antennae 2, claws 1, demonic guardian 2, magic regeneration, weakness stinger
1, sense surroundings 3, robust 2, tendrils, jelly sensing items
a: Renounce Religion


You were on level 12 of the Dungeon.
You worshipped Jiyva.
Jiyva was greatly pleased with you.
You visited 2 branches of the dungeon, and saw 13 of its levels.
You also visited: Sewer and Ossuary.

You collected 541 gold pieces.

Inventory:

Armour
 a - a +1 chain mail
 c - a +0 scale mail
 o - a +2 robe of cold resistance
 G - +0 steam dragon scales
 K - +0 acid dragon scales
 M - a +0 troll leather armour (worn)
 N - the +0 hat of the Old and Reckless (worn) {rF+}
   (You found it on level 11 of the Dungeon)

   rF:        It protects you from fire.
Jewellery
 g - an amulet of regeneration (around neck)
 j - a ring of ice
 u - a ring of protection from fire (left claw)
 v - a ring of ice
 B - the amulet "Gyufut" {RegenMP rPois Int+5}
   (You found it on level 4 of the Dungeon)

   [amulet of magic regeneration]

   It increases your rate of magic regeneration.
   Int:       It affects your intelligence (+5).
   rPois:     It protects you from poison.
 I - a ring of protection from cold (right claw)
 L - a +6 ring of strength
Wands
 w - a wand of quicksilver (3)
 J - a wand of digging (6)
 O - a wand of roots (4)
Scrolls
 d - 2 scrolls of blinking
 e - a scroll of fear
 f - 4 scrolls of enchant armour
 l - 2 scrolls of amnesia
 p - 6 scrolls of teleportation
 t - 4 scrolls of fog
 x - 3 scrolls of immolation
 y - 2 scrolls of poison
 E - a scroll of vulnerability
 F - 2 scrolls of enchant weapon
Potions
 h - a potion of resistance {unknown}
 i - a potion of brilliance {unknown}
 k - 5 potions of curing
 m - 3 potions of might
 n - a potion of berserk rage {unknown}
 q - 3 potions of attraction
 r - 3 potions of haste
 s - 2 potions of cancellation {unknown}
 z - 2 potions of degeneration {unknown}
 A - 4 potions of flight {unknown}
 C - a potion of invisibility
 D - 2 potions of lignification
 H - a potion of mutation


   Skills:
 - Level 12.0 Fighting
 - Level 3.6 Armour
 + Level 8.6 Dodging
 + Level 13.8 Unarmed Combat
 - Level 1.0 Spellcasting
 - Level 1.0 Summonings
 - Level 1.0 Evocations


You had 13 spell levels left.
You didn't know any spells.
Your spell library contained the following spells:

 Spells                   Type           Power      Damage    Failure   Level
 Summon Small Mammal      Summ           12%        N/A       21%         1
 Freeze                   Ice            0%         1d3       30%         1
 Shock                    Conj/Air       0%         1d3       30%         1
 Sting                    Tmut/Pois      0%         1d3       30%         1
 Lesser Beckoning         Tloc           0%         N/A       41%         2
 Poisonous Vapours        Pois/Air       0%         N/A       41%         2
 Summon Guardian Golem    Hex/Summ       2%         N/A       58%         3
 Frozen Ramparts          Ice            0%         1d1       65%         3
 Gell's Gravitas          Tloc           0%         N/A       65%         3
 Hailstorm                Conj/Ice       0%         3d3       65%         3
 Swiftness                Air            0%         N/A       65%         3
 Teleport Other           Tloc           0%         N/A       65%         3
 Airstrike                Air            0%         2d(0-16)  96%         4
 Olgreb's Toxic Radiance  Pois           0%         N/A       96%         4


Dungeon Overview and Level Annotations

Branches:
Dungeon (12/15)            Temple (1/1) D:4            Lair (0/5) D:11
  Sewer (visited)         Ossuary (visited)
    Orc: D:9-12

Altars:
Ashenzari
Cheibriados
Dithmenos
Fedhas
Gozag
Hepliaklqana
Kikubaaqudgha
Makhleb
Nemelex Xobeh
Okawaru
Qazlal
Ru
Sif Muna
Trog
Uskayaw
Vehumet
Wu Jian
Xom
Yredelemnul

Shops:
D:4 [


Innate Abilities, Weirdness & Mutations

You have a pair of antennae on your head.
You have sharp fingernails.
A demonic guardian rushes to your aid.
You regenerate magic rapidly.
You have a small tail.
You passively map a large area around you.
You are very robust. (+20% HP)
You are covered in slimy tendrils that may disarm your opponents.
You have a small jelly attached to you that senses nearby items.


Message History

* * * LOW HITPOINT WARNING * * *
Your lungs strain for air!
Your ice devil hits Jorgrun.
Your ice devil freezes Jorgrun!!
The water elemental hits you.
* * * LOW HITPOINT WARNING * * *
Jorgrun hits you!
* * * LOW HITPOINT WARNING * * *
Unknown command.
You take 16 damage, and have 14/122 hp.
Unknown command.
Unknown command.
You feel much better.
* * * LOW HITPOINT WARNING * * *
Your lungs strain for air!
Your ice devil closely misses Jorgrun.
The water elemental hits you. Jorgrun barely misses you.
You regained 22 hp, and now have 36/122 hp.
Unknown command.
You barely miss Jorgrun.
* * * LOW HITPOINT WARNING * * *
Your lungs strain for air!
You take 2 damage, and have 34/122 hp.
Unknown command.
Unknown command.
You scratch Jorgrun.
* * * LOW HITPOINT WARNING * * *
Your lungs strain for air!
Jorgrun hits you!
* * * LOW HITPOINT WARNING * * *
A demonic guardian appears!
Your ice devil hits Jorgrun!
Your ice devil freezes Jorgrun!
Jorgrun dies!
The water elemental hits you!
* * * LOW HITPOINT WARNING * * *
Unknown command.
You take 30 damage, and have 4/122 hp.
MASSIVE DAMAGE!!
The water elemental attacks as you move away!
The water elemental hits you.
You die...

..##..........# *,* *
#.######.... ,, #.# *
*#....#####... ...# * ,*
..#####......... ,....,.
** ..............#. ...
..
######.........###.##..#
######.##........4....,
........#.####.....# #
######.##.#.....@.4#...#
#....##....E[.....~ *
####~##...~~~~~~~~~ **
#~~~~~~~~~~~~~~~~~~ ~~
*#~~~~~~~~~~~~~~~~~~~
#~~~~~~~~~~~~~~~~~~~#
*~~~~~~~~~~~~~~~#~.~...#
~~~~~~~~~~~~~.##.#...#
~~~~~.....~...#*.#...#


You could see a water elemental and 2 friendly ice devils.

Vanquished Creatures
  Fannar (D:10)
  3 two-headed ogres
  A boulder beetle (D:10)
  A death knight (D:10)
  3 death yaks (D:11)
  3 skeletal warriors (D:12)
  A cyclops (D:11)
  Maggie (D:10)
  A kobold demonologist (D:11)
  3 unseen horrors (D:10)
  A komodo dragon (D:10)
  2 hornets
  4 trolls
  A shadow (D:10)
  6 wraiths
  2 water elementals (D:12)
  2 vampires
  Grum (D:10)
  2 yaks (D:10)
  4 vampire mosquitoes (D:11)
  A steam dragon (D:9)
  An acid dragon (D:10)
  2 water moccasins
  2 orc warriors (D:10)
  2 sky beasts
  2 ice beasts
  3 wolves (D:10)
  5 centaurs
  2 phantoms
  5 kobold brigands
  2 bullfrogs
  2 necrophages
  2 gnoll sergeants
  An elf skeleton (D:7)
  2 scorpions
  7 wights
  12 killer bees
  3 electric eels
  3 orc priests
  A hound (D:5)
  2 jellies (Sewer)
  2 human zombies (D:7)
  2 human skeletons (D:7)
  4 iguanas
  5 orc wizards
  2 hell rats (D:11)
  A mummy (Ossuary)
  10 adders
  15 gnolls
  3 river rats
  A white imp (D:7)
  2 worms
  5 dart slugs
  17 orcs
  14 endoplasms
  8 giant cockroaches
  7 goblins
  10 hobgoblins
  9 jackals
  5 quokkas
  13 ball pythons
  2 bats
  7 frilled lizards
  3 gnoll skeletons (Ossuary)
  18 kobolds
  9 kobold skeletons (Ossuary)
  10 orc skeletons (Ossuary)
  13 rats
302 creatures vanquished.

Vanquished Creatures (collateral kills)
  Jorgrun (D:12)
  A rakshasa (D:11)
  A centaur warrior (D:10)
  A two-headed ogre (D:7)
  A gargoyle (D:10)
  A troll (D:9)
  A hornet (D:7)
  A vampire (D:11)
  2 vampire mosquitoes (D:11)
  2 ice beasts
  An ogre (D:5)
  A gnoll sergeant (D:10)
  A wight (D:7)
  A jelly (Sewer)
  A human zombie (D:7)
  A gnoll bouda (D:5)
  2 orc wizards
  A gnoll (D:8)
  2 orcs
  An endoplasm (Sewer)
  4 kobolds
28 creatures vanquished.

Vanquished Creatures (others)
  A two-headed ogre (D:10)
  2 centaurs
  A wolf (D:10)
  A bullfrog (D:8)
  5 killer bees
  An electric eel (D:12)
  29 jellies
  An orc (D:12)
  A gnoll skeleton (Ossuary)
  2 kobolds (D:9)
  A kobold skeleton (Ossuary)
  An orc skeleton (Ossuary)
  13 fungi (D:9)
59 creatures vanquished.

Grand Total: 389 creatures vanquished

Notes
Turn   | Place    | Note
-------+----------+-------------------------------------------
     0 | D:1      | DEFE the Demonspawn Wanderer began the quest for the Orb.
     0 | D:1      | DEFE set off with the following items: a +0 dagger, a
                  | potion of heal wounds, a +0 scale mail, a potion of
                  | lignification, a scroll of fear; and the following spell
                  | memorised: Summon Small Mammal; and the following spells
                  | available to memorise: Summon Guardian Golem.
     0 | D:1      | Reached XP level 1. HP: 15/15 MP: 2/2
   168 | D:1      | Discovered your monstrous ancestry.
   168 | D:1      | Gained mutation: You have a small tail. [demonic ancestry]
   168 | D:1      | Reached XP level 2. HP: 17/22 MP: 3/3
   344 | D:1      | Reached skill level 2 in Unarmed Combat
  1084 | D:2      | Reached XP level 3. HP: 22/28 MP: 4/4
  1092 | D:2      | Identified the +2 war axe of the Tomato {holy, Will+}
  1310 | D:2      | Found a faded altar of an unknown god.
  1612 | D:2      | Gained mutation: A weak demonic guardian rushes to your
                  | aid. [demonic ancestry]
  1612 | D:2      | Reached XP level 4. HP: 35/35 MP: 5/5
  1892 | D:3      | Reached skill level 3 in Unarmed Combat
  2401 | D:3      | Reached XP level 5. HP: 11/42 MP: 6/6
  2746 | D:4      | Found Ofaixeq's Armour Shop.
  2750 | D:4      | Found a staircase to the Ecumenical Temple.
  2759 | Temple   | Entered the Ecumenical Temple
  3602 | D:4      | Identified the amulet "Gyufut" {RegenMP rPois Int+5}
  3766 | D:5      | Entered Level 5 of the Dungeon
  3766 | D:5      | Noticed an ice beast
  3780 | D:5      | Killed an ice beast
  3781 | D:5      | Reached skill level 4 in Unarmed Combat
  3781 | D:5      | Reached XP level 6. HP: 32/49 MP: 7/7
  4119 | D:5      | Reached skill level 5 in Fighting
  4142 | D:5      | Gained mutation: A demonic guardian rushes to your aid.
                  | [demonic ancestry]
  4142 | D:5      | Reached XP level 7. HP: 31/56 MP: 8/8
  4183 | D:5      | Reached skill level 5 in Unarmed Combat
  4276 | D:5      | Found a sacrificial altar of Ru.
  4347 | D:5      | Identified the +11 whip of the Crypt {drain, rF+ SInv}
  4871 | D:6      | Reached skill level 6 in Unarmed Combat
  4874 | D:6      | Gained mutation: You have a pair of small antennae on your
                  | head. [demonic ancestry]
  4874 | D:6      | Reached XP level 8. HP: 42/65 MP: 9/9
  5010 | D:6      | Found a glowing drain.
  5041 | Sewer    | Entered a sewer
  5184 | Sewer    | Found a viscous altar of Jiyva.
  5239 | Sewer    | Became a worshipper of Jiyva Juboucvo the Shapeless
  5393 | D:6      | Found an ornate altar of the Wu Jian Council.
  5707 | D:7      | Reached * piety under Jiyva
  5860 | D:7      | Reached skill level 7 in Unarmed Combat
  5970 | D:7      | Found a sand-covered staircase.
  5982 | Ossuary  | Entered an ossuary
  6191 | D:7      | Reached XP level 9. HP: 75/75 MP: 10/10
  6241 | D:7      | Found a hazy altar of Hepliaklqana.
  6446 | D:7      | Reached skill level 8 in Unarmed Combat
  6469 | D:7      | Reached ** piety under Jiyva
  6520 | D:7      | Paralysed by a hornet for 2 turns
  6563 | D:7      | Noticed a two-headed ogre
  6573 | D:7      | Killed a two-headed ogre
  6636 | D:7      | Reached skill level 9 in Unarmed Combat
  6648 | D:7      | Reached skill level 10 in Fighting
  6970 | D:8      | Found a shimmering altar of Xom.
  7174 | D:8      | Gained mutation: You regenerate magic rapidly. [demonic
                  | ancestry]
  7174 | D:8      | Reached XP level 10. HP: 84/86 MP: 11/11
  7221 | D:8      | Reached *** piety under Jiyva
  7559 | D:8      | Gained mutation: You are robust. (+10% HP) [Jiyva's grace]
  7559 | D:8      | Gained mutation: You are very robust. (+20% HP) [Jiyva's
                  | grace]
  7559 | D:8      | Gained mutation: You are extremely robust. (+30% HP)
                  | [Jiyva's grace]
  7559 | D:8      | Gained mutation: You have a small jelly attached to you
                  | that senses nearby items. [Jiyva's grace]
  7571 | D:8      | Paralysed by a hornet for 3 turns
  8263 | D:9      | Reached **** piety under Jiyva
  8495 | D:9      | Reached skill level 10 in Unarmed Combat
  8674 | D:9      | Found a radiant altar of Vehumet.
  9294 | D:10     | Entered Level 10 of the Dungeon
  9300 | D:10     | Noticed Maggie
  9320 | D:10     | Killed Maggie
  9365 | D:10     | Noticed Grum
  9467 | D:10     | Reached skill level 11 in Unarmed Combat
  9528 | D:10     | Noticed a boulder beetle
  9554 | D:10     | Killed a boulder beetle
  9555 | D:10     | Reached skill level 1 in Dodging
  9555 | D:10     | Gained mutation: You have sharp fingernails. [demonic
                  | ancestry]
  9555 | D:10     | Reached XP level 11. HP: 86/123 MP: 10/12
  9575 | D:10     | Noticed a two-headed ogre
  9588 | D:10     | Killed a two-headed ogre
  9771 | D:10     | Noticed a death knight
  9787 | D:10     | Killed a death knight
  9850 | D:10     | Noticed a centaur warrior
  9854 | D:10     | Noticed a two-headed ogre
  9983 | D:10     | Killed a two-headed ogre
 10003 | D:10     | Reached skill level 12 in Unarmed Combat
 10011 | D:10     | Killed a centaur warrior
 10012 | D:10     | Reached skill level 5 in Dodging
 10096 | D:10     | Noticed Fannar
 10104 | D:10     | Noticed a two-headed ogre
 10120 | D:10     | Killed a two-headed ogre
 10129 | D:10     | Killed Fannar
 10342 | D:10     | Killed Grum
 10553 | D:11     | Found a staircase to the Lair.
 10554 | D:11     | Noticed a death yak
 10554 | D:11     | Noticed a death yak
 10556 | D:11     | Noticed a death yak
 10571 | D:11     | Killed a death yak
 10574 | D:11     | Killed a death yak
 10581 | D:11     | Killed a death yak
 10582 | D:11     | Gained mutation: You have a pair of antennae on your head.
                  | [demonic ancestry]
 10582 | D:11     | Reached XP level 12. HP: 49/132 MP: 13/13
 10722 | D:11     | Noticed a two-headed ogre
 10745 | D:11     | Killed a two-headed ogre
 10746 | D:11     | Reached skill level 13 in Unarmed Combat
 10783 | D:11     | Identified the +0 hat of the Old and Reckless {rF+}
 10852 | D:11     | Noticed a rakshasa
 10868 | D:11     | Killed a rakshasa
 11414 | D:12     | Noticed Jorgrun
 11417 | D:12     | Lost mutation: You are extremely robust. (+30% HP) [Jiyva's
                  | grace]
 11417 | D:12     | Gained mutation: You passively map a small area around you.
                  | [Jiyva's grace]
 11417 | D:12     | Gained mutation: You passively map the area around you.
                  | [Jiyva's grace]
 11417 | D:12     | Gained mutation: You passively map a large area around you.
                  | [Jiyva's grace]
 11417 | D:12     | Gained mutation: You are covered in slimy tendrils that may
                  | disarm your opponents. [Jiyva's grace]
 11437 | D:12     | Killed Jorgrun
 11437 | D:12     | HP: 4/122 [water elemental (15)]
 11438 | D:12     | Slain by a water elemental

Illustrated notes

Levels and vault maps discovered:
D:1:      nagdon_arrival_zigzag_paths, layout_loops_ring, minmay_tromino_i2
D:2:      layout_loops_ring, basic_ecumenical_altar, minmay_shallow_snake_nest
D:3:      layout_basic
D:4:      layout_loops_corners, temple_statues, serial_shops, shop_fountains,
          grunt_ministairs_15
D:5:      layout_loops_ring, mainiacjoe_overflow_cross_hatched, serial_rivers,
          chequers_serial_rivers_room_a, chequers_serial_rivers_micro_b,
          chequers_serial_rivers_micro_a, chequers_serial_rivers_room_b,
          chequers_serial_rivers_marsh, chequers_serial_rivers_small_a
D:6:      layout_rooms, nzn_wu_jian_council_hall, portal_sewer_entry_b
D:7:      layout_basic, lemuel_doored_altar, nicolae_ossuary_entry_catacombs,
          minmay_crystal_water
D:8:      layout_layer_cave, lemuel_round_altar
D:9:      layout_basic, mainiacjoe_overflow_boulevard
D:10:     minmay_s_stair_smasher, layout_basic, kennysheep_small_square,
          uniq_maggie, uniq_grum, uniq_fannar
D:11:     layout_cave_pools, dpeg_lair_monsters
D:12:     layout_basic, orc_david_3, hangedman_decor_opposing, uniq_jorgrun
Temple:   minmay_crystal_spiral_temple

Skill      XL: |  1  2  3  4  5  6  7  8  9 10 11 12 |
---------------+-------------------------------------+-----
Fighting       | 2 3 4 5 6 8 10 12 | 12.0
Unarmed Combat | 2 3 4 6 7 9 11 12 13 | 13.8
Dodging        | 1 6 8 |  8.6
Armour         | |  3.6
Spellcasting   | |  1.0
Summonings     | |  1.0
Evocations     | |  1.0

Action                     |  1- 3 |  4- 6 |  7- 9 | 10-12 || total
---------------------------+-------+-------+-------+-------++-------
  Melee: Dagger            |    86 |       |       |       ||    86
         Punch             |     5 |     6 |    30 |    38 ||    79
         Unarmed           |   104 |   253 |   592 |   494 ||  1443
         Tailslap          |    15 |    32 |    85 |    91 ||   223
 Invoke: Oozemancy         |       |       |       |     7 ||     7
  Evoke: Wand              |       |       |       |     5 ||     5
    Use: Potion            |       |       |     2 |     7 ||     9
         Scroll            |       |       |    12 |     8 ||    20
   Stab: Distracted        |       |     2 |     1 |       ||     3
 Armour: Scale mail        |    35 |       |       |       ||    35
         Chain mail        |    60 |   121 |   298 |   243 ||   722
         Skin              |       |       |     4 |       ||     4
         Troll leather arm |       |       |       |    11 ||    11
  Dodge: Dodged            |    71 |    66 |   142 |   198 ||   477

Table legend: (Time is in decaauts)
 A = Elapsed time spent in this place.
 B = Non-inter-level travel time spent in this place.
 C = Inter-level travel time spent in this place.
 D = Time resting spent in this place.
 E = Time spent auto-exploring this place.
 F = Levels seen in this place.
 G = Mean time per level.
                   A        B        C        D        E       F      G
               +--------+--------+--------+--------+--------+-----+--------+
         Total |  11367 |  11004 |    363 |    835 |   7378 |  15 |  757.8 |
       Dungeon |  10649 |  10369 |    280 |    803 |   7083 |  12 |  887.4 |
        Temple |    210 |    127 |     83 |      0 |    111 |   1 |  210.0 |
         Sewer |    289 |    289 |      0 |     32 |    104 |   1 |  289.0 |
       Ossuary |    217 |    217 |      0 |      0 |     79 |   1 |  217.0 |
               +--------+--------+--------+--------+--------+-----+--------+

Top non-repeatable levels by time:
     D:8: 1365 daAuts
    D:10: 1198 daAuts
     D:9: 1133 daAuts
     D:5: 1068 daAuts
     D:1: 1042 daAuts
     D:7: 875 daAuts
     D:3: 857 daAuts
     D:4: 841 daAuts
     D:2: 800 daAuts
     D:6: 585 daAuts
    D:11: 542 daAuts
    D:12: 338 daAuts
   Sewer: 289 daAuts
 Ossuary: 217 daAuts
  Temple: 210 daAuts
